 Dungeon Crawl Stone Soup version 0.25-a0-589-g1e14c54 (webtiles) character file.

Game seed: 15058366703341520083, levelgen mode: deterministic

81 Anathematize the Grasshopper (level 4, -7/34 HPs)
             Began as a Demonspawn Warper on Mar 9, 2020.
             Was an Initiate of Makhleb.
             Mangled by a gnoll
             ... wielding a +2 whip of electrocution
              (20 damage)
             ... on level 2 of the Dungeon.
             The game lasted 00:07:31 (2010 turns).

Anathematize the Grasshopper (Demonspawn Warper)    Turns: 2010, Time: 00:07:31

Health: -7/34      AC:  8    Str: 18    XL:     4   Next: 20%
Magic:  7/7        EV: 11    Int: 14    God:    Makhleb [......]
Gold:   47         SH:  0    Dex: 12    Spells: 5/7 levels left

rFire    . . .     SeeInvis .   a - +0 spear
rCold    . . .     Gourm    .   (no shield)
rNeg     . . .     Faith    .   q - +0 ring mail
rPois    .         Spirit   .   (no helmet)
rElec    .         Reflect  .   (no cloak)
rCorr    .         Harm     .   (no gloves)
MR       .....                  (no boots)
Stlth    +.........             (no amulet)
HPRegen  0.11/turn              i - +5 ring of strength
MPRegen  0.10/turn              (no ring)

@: no status effects
A: icy blue scales 2
a: Renounce Religion


You were on level 2 of the Dungeon.
You worshipped Makhleb.
Makhleb was noncommittal.
You were hungry.

You visited 1 branch of the dungeon, and saw 2 of its levels.

You collected 47 gold pieces.

Inventory:

Hand Weapons
 a - a +0 spear (weapon)
 b - a +1 vampiric short sword
Missiles
 c - a throwing net
 e - 4 boomerangs of dispersal (quivered)
 h - 60 stones
Armour
 q - a +0 ring mail (worn)
Jewellery
 g - a +2 ring of strength
 i - a +5 ring of strength (left hand)
 j - an uncursed ring of protection from cold {unknown}
 p - a cursed ring of magical power {unknown}
Scrolls
 d - a scroll of blinking
 k - a scroll of identify {unknown}
 l - a scroll of remove curse {unknown}
 n - a scroll of fog {unknown}
 o - a scroll of immolation {unknown}
Comestibles
 f - 3 rations


   Skills:
 + Level 2.6 Fighting
 * Level 3.0 Polearms
 + Level 1.7 Throwing
 - Level 0.8 Armour
 - Level 1.7 Dodging
 - Level 2.0 Spellcasting
 + Level 3.0 Translocations
 + Level 0.2 Invocations


You had 5 spell levels left.
You knew the following spells:

 Your Spells              Type           Power        Failure   Level  Hunger
a - Blink                 Tloc           N/A          19%         2    ###....

Your spell library contained the following spells:

 Spells                   Type           Power        Failure   Level  Hunger
 Shroud of Golubria       Chrm/Tloc      #.....       34%         2    ###....
 Gell's Gravitas          Tloc           #.........   36%         3    ####...
 Lesser Beckoning         Tloc           #.........   36%         3    ####...
 Teleport Other           Tloc           #.......     36%         3    ####...
 Passage of Golubria      Tloc           N/A          77%         4    #####..


Dungeon Overview and Level Annotations

Branches:
Dungeon (2/15)

Altars:
Makhleb
Okawaru


Innate Abilities, Weirdness & Mutations

You are mostly covered in icy blue scales. (AC +3)


Message History

There is a stone staircase leading up here.
Unknown command.
h - 58 stones (gained 2)
h - 59 stones (gained 1)
h - 60 stones (gained 1) Quiver which item? (- for none, * to show all) (? for menu, Esc to quit)
Quivering
e - 5 boomerangs of dispersal for throwing.
The gnoll shouts!
There is a stone staircase leading up here.
Throwing (i - inventory. (/) - cycle)
e - 5 boomerangs of dispersal (quivered)
Press: ? - help, Shift-Dir - straight line, f - gnoll
Aim: a gnoll, wielding a +2 whip of electrocution You throw a boomerang of dispersal.
The boomerang of dispersal completely misses the gnoll.
The gnoll hits you with a +2 whip of electrocution.
You are electrocuted!
The gnoll hits you with a +2 whip of electrocution!
You are electrocuted!!
Ouch! That really hurt!
You die...

####...##.......# .#
#...g####...g...###.# ##.####
######......# ######..######
#......##
##......#.....######.###...#
##....................# #.#.###
#...............g###### #......
##..............g.# #......
##..............@..# #......
...................# #......
.##.##.............# ####.##
.#...#.............# #...
................>..## ###.
..._.......#.....#..# ##
............#######.# #
.#...#......# #.# ####
.##.##......#######.##########...


You could see 2 gnolls.

Vanquished Creatures
  A hound (D:2)
  A gnoll (D:1)
  A worm (D:1)
  2 dart slugs (D:1)
  3 bats
  3 goblins (D:1)
  5 hobgoblins
  3 jackals
  7 kobolds
  2 frilled lizards
  6 rats
34 creatures vanquished.

Notes
Turn   | Place    | Note
-------+----------+-------------------------------------------
     0 | D:1      | Anathematize the Demonspawn Warper began the quest for the
                  | Orb.
     0 | D:1      | Reached XP level 1. HP: 16/16 MP: 3/3
    77 | D:1      | Reached skill level 1 in Throwing
   414 | D:1      | Gained mutation: You are partially covered in icy blue
                  | scales. (AC +2) [demonic ancestry]
   414 | D:1      | Reached XP level 2. HP: 22/22 MP: 5/5
   526 | D:1      | Learned a level 2 spell: Blink
  1103 | D:2      | Gained mutation: You are mostly covered in icy blue scales.
                  | (AC +3) [demonic ancestry]
  1103 | D:2      | Reached XP level 3. HP: 28/28 MP: 6/6
  1406 | D:2      | Found an iron altar of Okawaru.
  1546 | D:2      | Reached XP level 4. HP: 30/34 MP: 7/7
  1596 | D:2      | Found a burning altar of Makhleb.
  1601 | D:2      | Became a worshipper of Makhleb the Destroyer
  2010 | D:2      | Mangled by a gnoll

Levels and vault maps discovered:
D:1:      dpeg_arrival_signposts, layout_basic
D:2:      minmay_thinvault, layout_rooms, lemuel_blue_sif_altar,
          makhleb_heckhound_becter, st_stairs_4, minmay_misc_feat_alley,
          okawaru_gym_becter

Skill      XL: |  1  2  3  4 |
---------------+-------------+-----
Polearms       | 2 3 |  3.0
Throwing       | 1 |  1.7
Translocations | 3 |  3.0
Fighting       | |  2.6
Armour         | |  0.8
Dodging        | |  1.7
Spellcasting   | |  2.0
Invocations    | |  0.2

Action                   |  1- 3 |  4- 6 || total
-------------------------+-------+-------++-------
Melee: Spear             |   144 |    20 ||   164
Throw: Stone             |    13 |    10 ||    23
       Boomerang         |       |     1 ||     1
  Eat: Chunk             |     2 |     1 ||     3
Armor: Leather armour    |    39 |       ||    39
       Ring mail         |     6 |     6 ||    12
Dodge: Dodged            |    68 |     8 ||    76

Table legend:
 A = Non-vault XP
 B = Vault XP
 C = Vault XP percentage of total XP
 D = Non-vault monster count
 E = Vault monster count
 F = Vault count percentage of total count
                 A         B        C        D         E       F
            +---------+---------+-------+---------+---------+-------
      Total |      74 |      43 |  36.8 |      31 |       3 |   8.8
            +---------+---------+-------+---------+---------+-------
        D:1 |      63 |       0 |   0.0 |      24 |       0 |   0.0
        D:2 |      11 |      43 |  79.6 |       7 |       3 |  30.0
            +---------+---------+-------+---------+---------+-------
